 Dungeon Crawl Stone Soup version 0.30-a0-772-g5528072125 (webtiles) character file.

Game seed: 7289510474510700656

611 kingofthe the Conjurer (level 7, -10/41 HPs)
             Began as an Octopode Conjurer on Feb 12, 2023.
             Mangled by Duvessa
             ... wielding a +0 short sword
              (14 damage)
             ... on level 4 of the Dungeon.
             The game lasted 00:08:51 (4234 turns).

kingofthe the Conjurer (Octopode Conjurer)          Turns: 4234, Time: 00:08:52

Health: -10/41     AC:  1    Str:  6    XL:     7   Next: 43%
Magic:  0/13       EV: 30    Int: 21    God:
Gold:   198        SH:  0    Dex: 18    Spells: 9/14 levels left

rFire   . . .      SeeInvis .    q - +0 dagger (drain)
rCold   + . .      Faith    .    (no shield)
rNeg    + . .      Spirit   .    (helmet restricted)
rPois   .          Reflect  .    f - amulet of the acrobat
rElec   .          Harm     .    i - ring of protection from cold
rCorr   .          Rampage  .    k - +6 ring of dexterity
Will    .....                    o - ring of positive energy
Stlth   ++++                     (no ring)
HPRegen 0.26/turn                (no ring)
MPRegen 0.13/turn                (no ring)
                                 (no ring)
                                 (no ring)

@: acrobatic
A: almost no armour, amphibious, 8 rings, camouflage 1, gelatinous body 1,
(nimble swimmer 1), tentacles
a: no special abilities


You were on level 4 of the Dungeon.
You visited 1 branch of the dungeon, and saw 5 of its levels.

You collected 198 gold pieces.

Inventory:

Hand Weapons
 q - a +0 dagger of draining (weapon)
Jewellery
 f - an amulet of the acrobat (around mantle)
 i - a ring of protection from cold (left tentacle)
 k - a +6 ring of dexterity (right tentacle)
 o - a ring of positive energy (on tentacle)
Scrolls
 c - 4 scrolls of teleportation {unknown}
 e - 7 scrolls of identify {unknown}
 g - a scroll of fog {unknown}
 j - a scroll of magic mapping {unknown}
 l - a scroll of brand weapon {unknown}
 m - 2 scrolls of enchant weapon {unknown}
 n - a scroll of blinking {unknown}
 p - a scroll of immolation {unknown}
 r - a scroll of noise {unknown}
 t - 2 scrolls of vulnerability {unknown}
Potions
 a - a potion of magic
 b - 2 potions of curing {unknown}
 d - 2 potions of brilliance {unknown}
 h - 2 potions of haste {unknown}
 s - a potion of resistance {unknown}
 u - a potion of flight {unknown}
 v - a potion of ambrosia {unknown}
 w - a potion of berserk rage {unknown}


   Skills:
 * Level 4.1 Dodging
 + Level 5.0 Stealth
 * Level 4.4 Spellcasting
 * Level 5.5 Conjurations
 + Level 1.9 Poison Magic


You had 9 spell levels left.
You knew the following spells:

 Your Spells              Type           Power      Damage    Failure   Level
a - Magic Dart            Conj           100%       1d8       1%          1
b - Searing Ray           Conj           54%        2d6       1%          2
c - Poisonous Vapours     Pois/Air       16%        N/A       12%         2

Your spell library contained the following spells:

 Spells                   Type           Power      Damage    Failure   Level
 Sting                    Tmut/Pois      32%        1d4       8%          1
 Dazzling Flash           Conj/Hex       32%        N/A       11%         3
 Fulminant Prism          Conj/Hex       8%         3d6       36%         4
 Iskenderun's Mystic Bla  Conj/Tloc      16%        2d5       36%         4
 Olgreb's Toxic Radiance  Pois           12%        N/A       45%         4


Dungeon Overview and Level Annotations

Branches:
Dungeon (5/15)
 Temple: D:4-7

Altars:
Okawaru

Shops:
D:1 ?

Annotations:
D:4 Duvessa


Innate Abilities, Weirdness & Mutations

You cannot wear most types of armour.
You are amphibious.
You can wear up to eight rings at the same time.
Your skin changes colour to match your surroundings (Stealth+).
Your rubbery body absorbs attacks. (AC +1, EV +1)
((You are camouflaged when in or above water. (Stealth+)))
You have tentacles for arms and can constrict up to eight enemies at once.


Message History

Duvessa rages. x2
Casting: Searing Ray (safe; 1% risk of failure)
Confirm with . or Enter, or press ? or * to list all spells.
Aiming: Searing Ray (safe; 1% risk of failure)
Press: ? - help, Shift-Dir - straight line, f/p - Duvessa
Aim: Duvessa, wielding a +0 short sword and wearing a +0 leather armour (lightly wounded, berserk, poisoned, 82% to hit)
The searing ray hits Duvessa.
Duvessa is lightly wounded. (Press . to maintain the ray.)
The searing ray misses Duvessa.
Duvessa barely misses you. Duvessa hits you with a +0 short sword.
The searing ray hits Duvessa.
Duvessa is lightly wounded.
Duvessa closely misses you.
The searing ray hits Duvessa!
Duvessa is moderately wounded.
You finish channelling your searing ray.
Duvessa misses you. Duvessa hits you with a +0 short sword!
Casting: Searing Ray (safe; 1% risk of failure)
Confirm with . or Enter, or press ? or * to list all spells.
Aiming: Searing Ray (safe; 1% risk of failure)
Press: ? - help, Shift-Dir - straight line, f/p - Duvessa
Aim: Duvessa, wielding a +0 short sword and wearing a +0 leather armour (moderately wounded, berserk, poisoned, 82% to hit)
The searing ray hits Duvessa.
Duvessa is heavily wounded. (Press . to maintain the ray.) Duvessa completely misses you.
The searing ray hits Duvessa.
Duvessa is heavily wounded.
Duvessa looks more healthy.
Duvessa completely misses you. Duvessa hits you with a +0 short sword!
The searing ray hits Duvessa.
Duvessa is severely wounded.
Duvessa hits you with a +0 short sword!
* * * LOW HITPOINT WARNING * * *
Your magical contamination has completely faded away.
The searing ray misses Duvessa.
You finish channelling your searing ray.
Duvessa misses you. Duvessa hits you with a +0 short sword!
You die...

## #.. ##.#### .. # ..# #.....#
#####. .#. #.####.....# ##
##..... ...####..........#..###
#..#...
....#..........>........#......
##...........e@................
.................#.............
................## .....##.....
#...>......=.# ...........
#....?.......# ..........
##............ #.........
#............ #.........
#............. .........#
#.......... ..........


You could see Duvessa (berserk).

Vanquished Creatures
  Blork the orc (D:5)
  2 necrophages (D:4)
  2 scorpions
  Dowan (D:4)
  2 hounds
  An iguana (D:2)
  An orc wizard (D:2)
  Robin (D:3)
  7 adders
  4 dart slugs (D:1)
  5 orcs
  2 endoplasms (D:4)
  4 giant cockroaches
  15 goblins
  8 hobgoblins
  5 jackals
  A quokka (D:2)
  5 ball pythons
  3 bats (D:1)
  3 frilled lizards
  3 kobolds
  7 rats
83 creatures vanquished.

Notes
Turn   | Place    | Note
-------+----------+-------------------------------------------
     0 | D:1      | kingofthe the Octopode Conjurer began the quest for the
                  | Orb.
     0 | D:1      | Reached XP level 1. HP: 11/11 MP: 3/3
   169 | D:1      | Reached XP level 2. HP: 17/17 MP: 1/5
   172 | D:1      | Learned a level 2 spell: Searing Ray
   686 | D:1      | Reached XP level 3. HP: 21/21 MP: 4/6
   878 | D:1      | Found Jakim's Magic Scroll Emporium.
  1360 | D:2      | Reached XP level 4. HP: 27/27 MP: 5/8
  1753 | D:2      | Found a faded altar of an unknown god.
  1987 | D:2      | Reached XP level 5. HP: 29/31 MP: 1/10
  2535 | D:3      | Found an iron altar of Okawaru.
  2629 | D:3      | Noticed Robin
  2645 | D:3      | Killed Robin
  3211 | D:3      | Learned a level 2 spell: Poisonous Vapours
  3299 | D:4      | Reached XP level 6. HP: 36/36 MP: 4/11
  3455 | D:4      | Reached skill level 5 in Conjurations
  3544 | D:4      | Noticed Dowan
  3601 | D:4      | Reached skill level 1 in Poison Magic
  3661 | D:4      | You fall into a shaft and drop 1 floor!
  3661 | D:5      | Entered Level 5 of the Dungeon
  3805 | D:5      | Reached XP level 7. HP: 41/41 MP: 4/13
  3896 | D:5      | Noticed Blork the orc
  3902 | D:5      | Killed Blork the orc
  4028 | D:4      | Reached skill level 5 in Stealth
  4073 | D:4      | Noticed Duvessa
  4075 | D:4      | Killed Dowan
  4234 | D:4      | Mangled by Duvessa

Illustrated notes

Levels and vault maps discovered:
D:1:      evilmike_arrival_home_sweet_home, layout_loops_ring, serial_shops,
          shop_fountains, st_stairs_5
D:2:      layout_rooms, ebering_ecumenical_altar_rust
D:3:      layout_loops_ring, okawaru_ov_weapons_minmay, uniq_robin
D:4:      layout_cave_pools, uniq_duvessa, uniq_ijyb
D:5:      layout_basic, nicolae_overflow_crystal_walls, uniq_grinder,
          uniq_blork_the_orc

Skill      XL: |  1  2  3  4  5  6  7 |
---------------+----------------------+-----
Stealth        | 3 4 5 |  5.0
Spellcasting   | 3 4 |  4.4
Dodging        | 3 4 |  4.1
Conjurations   | 5 |  5.5
Poison Magic   | 1 |  1.9

Action                     |  1- 3 |  4- 6 |  7- 9 || total
---------------------------+-------+-------+-------++-------
  Melee: Unarmed           |     1 |    16 |       ||    17
         Tentacles         |       |     5 |       ||     5
         Constrict         |       |     6 |       ||     6
   Cast: Magic Dart        |    56 |    94 |     6 ||   156
         Searing Ray       |       |    10 |     6 ||    16
         Poisonous Vapours |       |     2 |     2 ||     4
  Dodge: Dodged            |     6 |    19 |     7 ||    32

Table legend: (Time is in decaauts)
 A = Elapsed time spent in this place.
 B = Non-inter-level travel time spent in this place.
 C = Inter-level travel time spent in this place.
 D = Time resting spent in this place.
 E = Time spent auto-exploring this place.
 F = Levels seen in this place.
 G = Mean time per level.
                   A        B        C        D        E       F      G
               +--------+--------+--------+--------+--------+-----+--------+
         Total |   4218 |   4079 |    139 |    285 |   3272 |   5 |  843.6 |
       Dungeon |   4218 |   4079 |    139 |    285 |   3272 |   5 |  843.6 |
               +--------+--------+--------+--------+--------+-----+--------+

Top non-repeatable levels by time:
     D:1: 1171 daAuts
     D:2: 1066 daAuts
     D:3: 1004 daAuts
     D:5: 506 daAuts
     D:4: 470 daAuts
